[Event "ICC tourney 2603 (40 5)"]
[Site "Internet Chess Club"]
[Date "2021.06.13"]
[Round "6"]
[White "SATHISH, PRANAV:K05-16464655"]
[Black "BEAR, NICHOLAS D:K05-16056078"]
[Result "1-0"]
[ICCResult "Black checkmated"]
[WhiteElo "1762"]
[BlackElo "1714"]
[Opening "English: symmetrical, main line with d4"]
[ECO "A39"]
[NIC "EO.26"]
[Time "17:00:11"]
[PlyCount "125"]
[TimeControl "2400+5"]

1. c4 c5 2. Nc3 Nc6 3. Nf3 Nf6 4. g3 g6 5. Bg2 Bg7 6. O-O O-O 7. d4 cxd4 8.
Nxd4 Nh5 9. Nxc6 dxc6 10. Qc2 Be6 11. b3 Qc7 12. Bb2 Nf6 13. h3 Rfd8 14.
Rfd1 Nd7 15. e4 Nb6 16. Kh2 a5 17. c5 Nd7 18. Na4 h5 19. Bxg7 Kxg7 20. Qc3+
Kh7 21. Qe3 f6 22. Kg1 Bf7 23. f4 Rab8 24. g4 e5 25. f5 g5 26. Rd6 Kg7 27.
Rad1 Nf8 28. Qd2 Rxd6 29. cxd6 Qd7 30. Qxa5 Qd8 31. Qxd8 Rxd8 32. Nc5 b6
33. Na4 Nd7 34. Rc1 b5 35. Nc3 Nb6 36. a4 Rxd6 37. axb5 Bxb3 38. Rb1 Bf7
39. bxc6 Rxc6 40. Nd5 Na4 41. Rb7 Nc3 42. gxh5 Nxd5 43. exd5 Rc8 44. h6+
Kg8 45. h7+ Kg7 46. d6 Rf8 47. Bd5 Kxh7 48. Rxf7+ Rxf7 49. Bxf7 Kg7 50. d7
Kxf7 51. d8=Q Kg7 52. Qe7+ Kh6 53. Qxf6+ Kh5 54. Qg6+ Kh4 55. Qh6+ Kg3 56.
Qxg5+ Kf3 57. f6 Ke2 58. f7 e4 59. f8=Q e3 60. Qg2+ Kd3 61. Qd6+ Kc3 62.
Qc5+ Kb3 63. Qgc2# { Black checkmated } 1-0

[Event "ICC tourney 2603 (40 5)"]
[Site "Internet Chess Club"]
[Date "2021.06.13"]
[Round "6"]
[White "LI, JINGTU OSCAR:K05-16113408"]
[Black "JIANG, LUCAS:K05-16314627"]
[Result "0-1"]
[ICCResult "White resigns"]
[WhiteElo "1449"]
[BlackElo "1953"]
[Opening "Grünfeld: modern exchange variation"]
[ECO "D85"]
[NIC "GI.04"]
[Time "17:00:07"]
[PlyCount "50"]
[TimeControl "2400+5"]

1. d4 Nf6 2. c4 g6 3. Nc3 d5 4. cxd5 Nxd5 5. e4 Nxc3 6. bxc3 Bg7 7. Nf3 c5
8. Be3 O-O 9. Bc4 Nc6 10. O-O Bg4 11. dxc5 Qc7 12. Rc1 Rad8 13. Qe2 Ne5 14.
Rfd1 Bh5 15. Bb3 Nxf3+ 16. gxf3 Be5 17. h3 Qc6 18. Bd5 Qf6 19. Rd3 Bxf3 20.
Qf1 Bc7 21. Bxf7+ Rxf7 22. Rxd8+ Bxd8 23. Qb5 Qe6 24. Kh2 Bc7+ 25. Kg1 Qxh3
{ White resigns } 0-1

[Event "ICC tourney 2603 (40 5)"]
[Site "Internet Chess Club"]
[Date "2021.06.13"]
[Round "6"]
[White "KONG, MILOJAMES:K05-16203724"]
[Black "KAZAN, JUDE:K05-16350155"]
[Result "1/2-1/2"]
[ICCResult "Game drawn by mutual agreement"]
[WhiteElo "1570"]
[BlackElo "1712"]
[Opening "Caro-Kann: exchange variation"]
[ECO "B13"]
[NIC "CK.02"]
[Time "17:00:18"]
[PlyCount "59"]
[TimeControl "2400+5"]

1. e4 c6 2. d4 d5 3. exd5 cxd5 4. h3 Nc6 5. Nf3 Nf6 6. Bf4 g6 7. c3 Bg7 8.
Bd3 O-O 9. O-O Bf5 10. Nh4 Bxd3 11. Qxd3 Nh5 12. Bg3 Nxg3 13. Qxg3 e5 14.
dxe5 Bxe5 15. f4 Qb6+ 16. Qf2 Qxf2+ 17. Rxf2 Bf6 18. Nf3 d4 19. cxd4 Nxd4
20. Nc3 Nxf3+ 21. Rxf3 Rfd8 22. Kf1 Rac8 23. Ke2 Bxc3 24. Rxc3 Rxc3 25.
bxc3 Kg7 26. Rb1 Rd7 27. Rb5 f5 28. Ra5 b6 29. Rb5 Kf6 30. a4 { Game drawn
by mutual agreement } 1/2-1/2

[Event "ICC tourney 2603 (40 5)"]
[Site "Internet Chess Club"]
[Date "2021.06.13"]
[Round "6"]
[White "GOLSEFIDY, SEPEHR:K05-16686975"]
[Black "KANG, DYLAN TAEWOONG:K05-16103622"]
[Result "1-0"]
[ICCResult "Black checkmated"]
[WhiteElo "1882"]
[BlackElo "1601"]
[Opening "Sicilian: accelerated fianchetto, Maróczy bind, 6.Be3"]
[ECO "B38"]
[NIC "SI.43"]
[Time "17:00:12"]
[PlyCount "71"]
[TimeControl "2400+5"]

1. e4 c5 2. Nf3 g6 3. c4 Bg7 4. d4 cxd4 5. Nxd4 Nc6 6. Be3 Nf6 7. Nc3 d6 8.
Be2 O-O 9. O-O Bd7 10. f3 Rc8 11. Rc1 Ne5 12. b3 a6 13. Qd2 a5 14. Kh1 Ne8
15. Bh6 f5 16. Bxg7 Nxg7 17. exf5 Nxf5 18. f4 Nc6 19. Nxf5 Bxf5 20. g4 Be6
21. f5 Bf7 22. Qh6 Ne5 23. Ne4 Be8 24. Ng5 Rf7 25. Nxf7 Bxf7 26. g5 Be8 27.
f6 exf6 28. gxf6 Bc6+ 29. Kg1 Qd7 30. Rcd1 Ng4 31. f7+ Qxf7 32. Bxg4 Qe7
33. Rde1 Qc7 34. Be6+ Kh8 35. Rf8+ Rxf8 36. Qxf8# { Black checkmated } 1-0

[Event "ICC tourney 2603 (40 5)"]
[Site "Internet Chess Club"]
[Date "2021.06.13"]
[Round "6"]
[White "LIU, ERIC CHANG:K05-16650666"]
[Black "RAJARAM, ROHAN:K05-15739716"]
[Result "1-0"]
[ICCResult "Black checkmated"]
[WhiteElo "2045"]
[BlackElo "1905"]
[Opening "Sicilian: Taimanov variation"]
[ECO "B49"]
[NIC "SI.40"]
[Time "17:00:14"]
[PlyCount "113"]
[TimeControl "2400+5"]

1. e4 c5 2. Nf3 e6 3. d4 cxd4 4. Nxd4 Nc6 5. Nc3 Qc7 6. Be3 a6 7. Be2 Nf6
8. O-O Be7 9. a3 O-O 10. Qd2 Rd8 11. Rfd1 d5 12. exd5 exd5 13. Bf4 Bd6 14.
Bxd6 Qxd6 15. Qg5 h6 16. Qg3 Nxd4 17. Rxd4 Bf5 18. Qxd6 Rxd6 19. Bd3 Bxd3
20. Rxd3 Rad8 21. Rad1 Kf8 22. f3 Ke7 23. Kf2 Ke6 24. Ne2 Kd7 25. c3 Kc7
26. g4 g6 27. h4 Kc6 28. R1d2 Nd7 29. b3 Ne5 30. Re3 Re8 31. Kg3 Nc4 32.
Rxe8 Nxd2 33. Nd4+ Kd7 34. Re1 Rb6 35. Rd1 Nxb3 36. Rb1 Nxd4 37. Rxb6 Ne2+
38. Kf2 Kc7 39. Rf6 Nxc3 40. Rxf7+ Kc6 41. Ke3 b6 42. Rf6+ Kc5 43. Rxg6 Nb5
44. g5 hxg5 45. h5 Nxa3 46. h6 Nc4+ 47. Ke2 Ne5 48. Rg7 d4 49. h7 d3+ 50.
Kd1 Kd4 51. h8=Q Kd5 52. Qd8+ Kc4 53. Rc7+ Kb4 54. Qd4+ Kb3 55. Rc3+ Kb2
56. Qb4+ Ka2 57. Ra3# { Black checkmated } 1-0

[Event "ICC tourney 2603 (40 5)"]
[Site "Internet Chess Club"]
[Date "2021.06.13"]
[Round "6"]
[White "KRISHNAN, ASHVATH:K05-30042119"]
[Black "RALLABANDI, SAHASRAK:K05-16751997"]
[Result "1-0"]
[ICCResult "Black checkmated"]
[WhiteElo "1138"]
[BlackElo "1306"]
[Opening "Ruy Lopez: Anderssen variation"]
[ECO "C77"]
[NIC "RL.12"]
[Time "17:00:10"]
[PlyCount "99"]
[TimeControl "2400+5"]

1. e4 e5 2. Nf3 Nc6 3. Bb5 a6 4. Ba4 Nf6 5. d3 b5 6. Bb3 Be7 7. c3 d5 8.
Nbd2 d4 9. Bc2 Bg4 10. O-O O-O 11. h3 Bh5 12. Re1 Qd7 13. Nf1 b4 14. c4 Ne8
15. Ng3 Bg6 16. Ba4 Qe6 17. Bxc6 Qxc6 18. Nxe5 Qe6 19. Nf3 c5 20. Bg5 Nd6
21. Bxe7 Qxe7 22. Nh2 Qd7 23. f4 f5 24. e5 Nb7 25. Nf3 Rae8 26. Nh4 Qc6 27.
Qf3 Qb6 28. Nxg6 Qxg6 29. Kh2 Na5 30. Qd5+ Qe6 31. Qxc5 Nb7 32. Qd5 Qxd5
33. cxd5 Rd8 34. d6 Nc5 35. Rad1 Na4 36. Rd2 Nc5 37. Rc1 Ne6 38. Ne2 g5 39.
fxg5 Nxg5 40. Nxd4 Rfe8 41. Re2 Kf7 42. Rc7+ Kf8 43. d7 Re7 44. e6 Nxe6 45.
Nxe6+ Rxe6 46. Rxe6 a5 47. Rc8 Rxc8 48. dxc8=Q+ Kg7 49. Qd7+ Kg8 50. Re8# {
Black checkmated } 1-0

[Event "ICC tourney 2603 (40 5)"]
[Site "Internet Chess Club"]
[Date "2021.06.13"]
[Round "6"]
[White "TESSIORE, LUCA GIORGIO:K05-17347744"]
[Black "ZIEGLER, NATE:K05-15967852"]
[Result "1-0"]
[ICCResult "Black checkmated"]
[WhiteElo "1914"]
[BlackElo "1873"]
[Opening "QGD: Orthodox defense, Botvinnik variation"]
[ECO "D60"]
[NIC "QO.12"]
[Time "17:00:10"]
[PlyCount "149"]
[TimeControl "2400+5"]

1. d4 d5 2. c4 e6 3. Nf3 Be7 4. Nc3 Nf6 5. Bg5 O-O 6. e3 Nbd7 7. Bd3 c6 8.
O-O h6 9. Bh4 dxc4 10. Bxc4 b5 11. Bd3 Bb7 12. Rc1 a6 13. Qe2 c5 14. Bxf6
Bxf6 15. Be4 Rb8 16. Bxb7 Rxb7 17. Ne4 cxd4 18. Nxf6+ Nxf6 19. Nxd4 Rc7 20.
Rfd1 Qc8 21. Qe1 Nd5 22. h3 Qb7 23. Rxc7 Qxc7 24. Rc1 Qb7 25. Rc5 Rc8 26.
Qc1 Rxc5 27. Qxc5 Qc7 28. Qxc7 Nxc7 29. Kf1 Kf8 30. Ke2 Ke7 31. Kd3 Kd6 32.
b4 Nd5 33. a3 Nb6 34. Nb3 Nc4 35. Nc5 Nxa3 36. Nxa6 Nc4 37. Nc5 Nb6 38.
Ne4+ Kc6 39. Nc3 Nd5 40. Nxd5 Kxd5 41. e4+ Kc6 42. Kd4 Kd6 43. e5+ Kc6 44.
f3 Kb6 45. h4 Kc6 46. g4 Kb6 47. f4 Kc6 48. h5 Kb6 49. f5 exf5 50. gxf5 Kc6
51. Ke4 f6 52. Kd4 Kb6 53. e6 Kc6 54. e7 Kd7 55. Kc5 g6 56. fxg6 Kxe7 57.
Kd5 Kf8 58. Ke6 Kg7 59. Kf5 Kg8 60. Kxf6 Kf8 61. Ke6 Kg7 62. Kd5 Kf6 63.
Kc5 Kg7 64. Kxb5 Kf6 65. Kc6 Kg7 66. b5 Kf6 67. b6 Kg7 68. b7 Kf6 69. b8=Q
Kg7 70. Qc7+ Kf6 71. Qf7+ Kg5 72. g7 Kh4 73. g8=Q Kh3 74. Qf3+ Kh2 75.
Qfg2# { Black checkmated } 1-0

[Event "ICC tourney 2603 (40 5)"]
[Site "Internet Chess Club"]
[Date "2021.06.13"]
[Round "6"]
[White "WANG, ALEXANDER J:K05-15983386"]
[Black "XIA, RUOXIAO:K05-16025390"]
[Result "1-0"]
[ICCResult "Black forfeits on time"]
[WhiteElo "2124"]
[BlackElo "1921"]
[Opening "Sicilian: Anderssen variation"]
[ECO "B41"]
[NIC "SI.41"]
[Time "17:00:58"]
[PlyCount "47"]
[TimeControl "2400+5"]

1. e4 c5 2. Nf3 e6 3. d4 cxd4 4. Nxd4 Nf6 5. Nc3 Nc6 6. g3 Qb6 7. Nb3 Bb4
8. Bg2 Qa6 9. a3 Be7 10. Be3 O-O 11. Bf1 b5 12. Bxb5 Qb7 13. Bf1 d5 14.
exd5 exd5 15. Bg2 Qa6 16. Nxd5 Bg4 17. Nxf6+ Bxf6 18. Qxg4 Bxb2 19. Rd1
Bc3+ 20. Nd2 Rae8 21. Bxc6 Qxc6 22. O-O a5 23. Nb3 f5 24. Qh3 { Black
forfeits on time } 1-0

[Event "ICC tourney 2603 (40 5)"]
[Site "Internet Chess Club"]
[Date "2021.06.13"]
[Round "6"]
[White "VEMPARALA, NIKASH:K05-16438800"]
[Black "ARAVINDAKSHAN, SAHANA:K05-16741147"]
[Result "1-0"]
[ICCResult "Black forfeits on time"]
[WhiteElo "1684"]
[BlackElo "1587"]
[Opening "Giuoco Piano"]
[ECO "C54"]
[NIC "IG.02"]
[Time "17:00:11"]
[PlyCount "113"]
[TimeControl "2400+5"]

1. e4 e5 2. Nf3 Nc6 3. Bc4 Bc5 4. c3 Nf6 5. d3 O-O 6. O-O d6 7. a4 a5 8.
Nbd2 Be6 9. Qb3 Bxc4 10. Nxc4 Rb8 11. Be3 Bxe3 12. Nxe3 b6 13. Rfe1 Re8 14.
Rad1 Qd7 15. Nf5 Ne7 16. Ng3 Ng6 17. d4 Qc6 18. d5 Qd7 19. c4 Nf4 20. Qc2
Qd8 21. Nd2 Nd7 22. Nb3 Nc5 23. Nxc5 bxc5 24. Re3 Rb4 25. b3 Qd7 26. Rb1
Reb8 27. h3 Qe7 28. Nf5 Qf6 29. Rf3 Qd8 30. Kh2 g6 31. Ne3 R8b7 32. g3 Nh5
33. Ng4 Kg7 34. Rd1 Qb8 35. Rdd3 h6 36. h4 f6 37. Kg2 g5 38. hxg5 hxg5 39.
Ne3 Kf7 40. Ng4 Kg7 41. Qd1 Kg6 42. Rc3 R4b6 43. Rfd3 Rb4 44. Ne3 R4b6 45.
Nf5 Rb4 46. Ne7+ Kh6 47. Nc6 Qh8 48. Nxb4 Rxb4 49. Rc1 Qb8 50. Qg4 Qh8 51.
Rh1 Kg6 52. Qf5+ Kg7 53. Qg4 Kg6 54. Rf3 Rb8 55. Qf5+ Kg7 56. g4 Nf4+ 57.
Rxf4 { Black forfeits on time } 1-0

[Event "ICC tourney 2603 (40 5)"]
[Site "Internet Chess Club"]
[Date "2021.06.13"]
[Round "6"]
[White "WONG, WYATT:K05-17016313"]
[Black "RAO, ANJANEYA SRIPATHY:K05-16442373"]
[Result "1/2-1/2"]
[ICCResult "White stalemated"]
[WhiteElo "1620"]
[BlackElo "1898"]
[Opening "Sicilian: dragon, classical attack"]
[ECO "B73"]
[NIC "SI.16"]
[Time "17:00:13"]
[PlyCount "140"]
[TimeControl "2400+5"]

1. e4 c5 2. Nf3 d6 3. d4 cxd4 4. Nxd4 Nf6 5. Nc3 g6 6. Be3 Bg7 7. Be2 O-O
8. O-O Nc6 9. h3 a6 10. Qd2 Qc7 11. Rad1 Nxd4 12. Bxd4 b5 13. a3 Bb7 14.
Bf3 Rfd8 15. Rfe1 Rac8 16. Qe3 Nd7 17. Bxg7 Kxg7 18. Bg4 h5 19. Bxd7 Rxd7
20. e5 Qc6 21. Qg3 d5 22. e6 fxe6 23. Qe5+ Kh7 24. Re3 d4 25. Rf3 Rf8 26.
Ne4 Rf5 27. Rxf5 exf5 28. Ng5+ Kg8 29. Qe6+ Qxe6 30. Nxe6 Kf7 31. Nc5 Rc7
32. Nxb7 Rxb7 33. Rxd4 Rc7 34. c3 Ke6 35. f3 Rd7 36. Rxd7 Kxd7 37. g4 hxg4
38. fxg4 fxg4 39. hxg4 Kd6 40. Kf2 Kd5 41. Kf3 g5 42. b3 a5 43. c4+ bxc4
44. bxc4+ Kxc4 45. Ke4 Kb3 46. Kf5 Kxa3 47. Kxg5 Kb4 48. Kf5 a4 49. g5 a3
50. g6 a2 51. g7 a1=Q 52. g8=Q Qf1+ 53. Ke5 Qf6+ 54. Ke4 Qc6+ 55. Ke3 e5
56. Qb8+ Kc4 57. Qb1 Qc5+ 58. Ke2 Qd4 59. Qa2+ Kc5 60. Qa7+ Kc4 61. Qa6+
Kd5 62. Qd3 Qxd3+ 63. Kxd3 e4+ 64. Ke3 Ke5 65. Ke2 Kd4 66. Kd2 e3+ 67. Ke2
Ke4 68. Ke1 Kf3 69. Kf1 e2+ 70. Ke1 Ke3 { White stalemated } 1/2-1/2

[Event "ICC tourney 2603 (40 5)"]
[Site "Internet Chess Club"]
[Date "2021.06.13"]
[Round "6"]
[White "CHANG, LUCA:K05-16081600"]
[Black "SAKALIYSKI, CHRISTOPHER KIRILOV:K05-16115040"]
[Result "0-1"]
[ICCResult "White forfeits on time"]
[WhiteElo "1533"]
[BlackElo "1345"]
[Opening "Modern defense: Averbakh system, Kotov variation"]
[ECO "A42"]
[NIC "KF.03"]
[Time "17:00:11"]
[PlyCount "172"]
[TimeControl "2400+5"]

1. d4 d6 2. c4 g6 3. Nc3 Bg7 4. e4 Nc6 5. Be3 e5 6. d5 Nce7 7. f3 f5 8. Bd3
f4 9. Bf2 Nf6 10. Nge2 g5 11. h3 Ng6 12. b4 h5 13. c5 g4 14. cxd6 cxd6 15.
Qc2 Bd7 16. Nb5 Ke7 17. Nxd6 b6 18. Nc4 Rc8 19. Qb3 g3 20. Bg1 Nh4 21. Kf1
Nh7 22. Rc1 Ng5 23. Qb2 Ngxf3 24. a4 Nxg2 25. Nxg3 Ngh4 26. Ne2 Bf6 27. Bf2
Qg8 28. Bxh4 Nxh4 29. Rg1 Bxh3+ 30. Kf2 Ng2 31. d6+ Ke8 32. d7+ Ke7 33.
dxc8=N+ Kd8 34. Nxf4 Bh4+ 35. Ke2 Qg4+ 36. Kd2 Qxf4+ 37. Kc2 Qf2+ 38. Kb1
Qxb2+ 39. Nxb2 Bf2 40. Rh1 Nf4 41. Nd6 Ke7 42. Nf5+ Kf6 43. Rc6+ Kg5 44.
Bc4 Bg2 45. Rh2 Bg1 46. Rxg2+ Nxg2 47. Rc7 Kf4 48. Rg7 Kf3 49. Bf1 Ne3 50.
Rxg1 Kxe4 51. Nxe3 Kxe3 52. Nc4+ Kf2 53. Rh1 e4 54. Bh3 e3 55. Rf1+ Kg3 56.
Nxe3 Kxh3 57. Kb2 h4 58. Rg1 Kh2 59. Rg7 h3 60. Kb3 Rf8 61. Kc4 Rf3 62.
Ng4+ Kg2 63. Ne5+ Rg3 64. Rxa7 h2 65. Rh7 Rh3 66. Rxh3 Kxh3 67. Kb5 h1=Q
68. Kxb6 Qg1+ 69. Kc6 Qg2+ 70. Kd6 Qd2+ 71. Kc5 Qc3+ 72. Nc4 Qg7 73. b5
Qe7+ 74. Nd6 Qc7+ 75. Kd5 Qa5 76. Kc6 Qxa4 77. Kc5 Qa3+ 78. Kc6 Qa8+ 79.
Nb7 Qc8+ 80. Kb6 Qb8 81. Kc6 Kg4 82. b6 Kf5 83. Nc5 Qc8+ 84. Kb5 Ke5 85. b7
Qc7 86. Kc4 Kd6 { White forfeits on time } 0-1